 Dungeon Crawl Stone Soup version 0.21-a0-405-gf2af9a1 (webtiles) character file.

174 Heskey the Skirmisher (level 5, -2/51 HPs)
             Began as a Gargoyle Fighter on Nov 1, 2017.
             Engulfed by a cloud of flame (27 damage)
             ... on level 3 of the Dungeon.
             The game lasted 00:03:39 (2273 turns).

Heskey the Skirmisher (Gargoyle Fighter)            Turns: 2273, Time: 00:03:39

Health: -2/51      AC: 22    Str: 19    XL:     5   Next: 54%
Magic:  5/5        EV:  2    Int:  8    God:
Gold:   76         SH:  9    Dex:  9    Spells: 4/4 levels left

rFire    . . .     SeeInvis .   a - +0 flail
rCold    . . .     Gourm    .   c - +0 shield
rNeg     + + +     Faith    .   (armour currently unavailable)
rPois    ∞         Spirit   .   (helmet currently unavailable)
rElec    .         Reflect  .   (cloak currently unavailable)
rCorr    .         Harm     .   (gloves currently unavailable)
MR       +....     NoTele   +   (boots currently unavailable)
Stlth    +.........             (no amulet)
HPRegen  0.17/turn              (no ring)
MPRegen  0.09/turn              (no ring)

@: tree-form, very slightly contaminated, hasted, invisible, very quick
A: magic resistance 1, negative energy resistance 1, weak 1, petrification
resistance, rot immunity, AC +4
a: no special abilities


You were on level 3 of the Dungeon.
You were not hungry.
You were a tree.
You visited 1 branch of the dungeon, and saw 3 of its levels.

You collected 76 gold pieces.

Inventory:

Hand Weapons
 a - a +0 flail (weapon)
Armour
 b - a +0 scale mail (melded)
 c - a +0 shield (worn)
 l - a +0 pair of boots (melded)
Jewellery
 j - an uncursed ring of ice
Wands
 r - a wand of digging (7/24)
 x - a wand of lightning (12/15)
Scrolls
 v - a scroll of immolation
Potions
 d - 5 potions of might
Comestibles
 f - 2 bread rations
 g - a royal jelly
 p - a meat ration


   Skills:
 * Level 4.8 Fighting
 + Level 3.0 Maces & Flails
 + Level 4.2 Armour
 + Level 4.1 Shields


You had 4 spell levels left.
You didn't know any spells.

Dungeon Overview and Level Annotations

Branches:
Dungeon (3/15)

Altars:
Elyvilon
Qazlal
The Shining One


Innate Abilities, Weirdness & Mutations

You are resistant to torment.
((Your stone body is resilient. (AC +4)))
You are immune to poison.
You resist negative energy. (rN+)
((You are resistant to electric shocks. (rElec)))
((You can survive without breathing.))
You are immune to petrification.
You are immune to rotting.
You are resistant to hostile enchantments. (MR+)
You are weak. (Str -2)


Message History

You cannot move.
You cannot move.
You cannot move.
You cannot move.
You cannot move.
You cannot move.
You cannot move.
You cannot move.
You cannot move.
You swing at nothing.
A jackal comes into view.
You swing at nothing.
The jackal barks!
You swing at nothing.
The jackal barks!
You swing at nothing.
The jackal barks!
You swing at nothing.
Ouch! That really hurt!
You die...

**,*,,****,,,,,,,,,**##.(.#.#####
**,,** **,,,,,,,** ##,*#.# *,**
**,,,,,** ####.# *,* **,,,**
#....# *,* *#+** #.#### *,*
**####.### #.# *,* *,,..h.h.#####
#.# *,* *,**##.......# #.# *,*
*,*##..§♣#*#.# #.# *,*
*,*#>..†§###.# #.# *,*
*,*#...§§§##.# #.#
*,*****,*#.#....##.###.#
*,,,,,,,...............#
*******######.####.##### #.####.#
#......# ########


You could see 2 jackals.

Vanquished Creatures
  A bullfrog zombie (D:2)
  Jessica (D:2)
  5 adders
  An ooze (D:2)
  A worm (D:2)
  2 dart slugs
  2 orcs (D:3)
  3 giant cockroaches
  9 goblins
  4 hobgoblins
  7 jackals
  7 kobolds
  A quokka (D:3)
  5 bats
  6 frilled lizards
  8 rats
63 creatures vanquished.

Vanquished Creatures (others)
  An adder (D:2)
1 creature vanquished.

Grand Total: 64 creatures vanquished

Notes
Turn   | Place    | Note
-------+----------+-------------------------------------------
     0 | D:1      | Heskey the Gargoyle Fighter began the quest for the Orb.
     0 | D:1      | Reached XP level 1. HP: 14/14 MP: 1/1
    78 | D:1      | Reached XP level 2. HP: 15/19 MP: 2/2
   827 | D:2      | Reached XP level 3. HP: 24/24 MP: 3/3
   929 | D:2      | Found a white marble altar of Elyvilon.
   977 | D:2      | Found a stormy altar of Qazlal.
  1024 | D:2      | Reached XP level 4. HP: 30/30 MP: 4/4
  1228 | D:2      | Found a faded altar of an unknown god.
  1237 | D:2      | Noticed Jessica
  1241 | D:2      | Killed Jessica
  1277 | D:2      | Reached XP level 5. HP: 32/34 MP: 5/5
  1691 | D:3      | Found a glowing golden altar of the Shining One.
  2250 | D:3      | Gained mutation: You are weak. (Str -2) [potion of mutation]
  2250 | D:3      | Gained mutation: You are resistant to hostile enchantments. (MR+) [potion of mutation]
  2273 | D:3      | Engulfed by a cloud of flame

Vault maps used:
D:1:      onia_arrival_pentagram
D:2:      elyvilon_altar_4, nicolae_qazlal_general_emergency,
          chequers_ecumenical_altar_twisty, uniq_jessica
D:3:      lemuel_crystal_altar, dk_noncrumbling_2, kennysheep_generic_room_4

Skill      XL: |  1  2  3  4  5 |
---------------+----------------+-----
Fighting       | 4 |  4.8
Armour         | 4 |  4.2
Shields        | 4 |  4.1
Maces & Flails | 3 |  3.0

Action                   |  1- 3 |  4- 6 || total
-------------------------+-------+-------++-------
Melee: Flail             |   102 |   149 ||   251
  Use: Scroll            |       |     9 ||     9
       Potion            |       |     6 ||     6
  Eat: Chunk             |       |     5 ||     5
Armor: Scale mail        |    62 |    91 ||   153
       Skin              |       |     3 ||     3
Dodge: Dodged            |    40 |    49 ||    89
Block: Shield            |    50 |    82 ||   132

Table legend:
 A = Spawn XP
 B = Non-spawn XP
 C = Spawn XP percentage of total XP
 D = Spawn monster count
 E = Non-spawn monster count
 F = Spawn count percentage of total count
 G = Total turns spent on level
                    A         B        C        D         E        F      G
               +---------+---------+-------+---------+---------+-------+---------
         Total |       0 |     249 |   0.0 |       0 |      63 |   0.0 |  2273
               +---------+---------+-------+---------+---------+-------+---------
           D:1 |       0 |      33 |   0.0 |       0 |      22 |   0.0 |   820
           D:2 |       0 |     158 |   0.0 |       0 |      22 |   0.0 |   791
           D:3 |       0 |      58 |   0.0 |       0 |      19 |   0.0 |   662
               +---------+---------+-------+---------+---------+-------+---------
